 Dungeon Crawl Stone Soup version 0.20.1-1-g8b1a95d (webtiles) character file.

333 Agrougrou the Skirmisher (level 6, -5/66 HPs)
             Began as an Ogre Monk on Aug 8, 2017.
             Splashed by a jelly's acid (7 damage)
             ... on level 5 of the Dungeon.
             The game lasted 00:08:56 (3945 turns).

Agrougrou the Skirmisher (Ogre Monk)                Turns: 3945, Time: 00:08:57

Health: -5/66      AC:  0    Str: 16    XL:     6   Next: 53%
Magic:  6/6        EV: 11    Int: 11    God:
Gold:   202        SH:  0    Dex: 13    Spells: 5/5 levels left

rFire    . . .     SeeInvis +   a - +0 mace
rCold    . . .     Gourm    .   (no shield)
rNeg     . . .     Faith    .   b - +0 robe
rPois    .         Spirit   .   (helmet restricted)
rElec    .         Reflect  .   n - +0 cloak
rCorr    .         Harm     .   (gloves unavailable)
MR       .....                  (boots unavailable)
Stlth    ++........             (no amulet)
Regen    0.3/turn               p - ring of see invisible
MPRegen  0.1/turn               (no ring)

@: corroded
A: unfitting armour, tough skin 1
a: no special abilities


You were on level 5 of the Dungeon.
You were not hungry.

You visited 1 branch of the dungeon, and saw 5 of its levels.

You collected 202 gold pieces.

Inventory:

Hand Weapons
 a - a +0 mace (weapon)
Missiles
 r - 3 poisoned tomahawks (quivered)
 v - 3 javelins
 w - 4 silver tomahawks
Armour
 b - a +0 robe (worn)
 n - a +0 cloak (worn)
Jewellery
 p - a ring of see invisible (left hand)
Scrolls
 d - a scroll of fear {unknown}
 e - 2 scrolls of fog {unknown}
 f - 2 scrolls of remove curse {unknown}
 g - a scroll of immolation {unknown}
 i - a scroll of noise {unknown}
 l - a scroll of amnesia {unknown}
 o - 3 scrolls of identify {unknown}
 q - 2 scrolls of enchant armour {unknown}
 u - 2 scrolls of teleportation {unknown}
 x - a scroll of recharging {unknown}
 y - a scroll of blinking {unknown}
Potions
 j - a potion of haste {unknown}
 k - a potion of ambrosia {unknown}
 m - 2 potions of resistance {unknown}
 s - a potion of magic {unknown}
 t - a potion of invisibility {unknown}
 z - 2 potions of curing
 A - a potion of mutation {unknown}
 D - a potion of brilliance {unknown}
Comestibles
 c - 8 bread rations
 h - 4 meat rations
 B - a royal jelly
 C - 2 chunks of flesh


   Skills:
 + Level 5.5 Fighting
 + Level 4.8 Maces & Flails
 + Level 4.1 Dodging
 - Level 1.6 Stealth


You had 5 spell levels left.
You didn't know any spells.

Dungeon Overview and Level Annotations

Branches:
Dungeon (5/15)
 Temple: D:4-7

Altars:
Kikubaaqudgha
Vehumet

Annotations:
D:3 PhyxPenguin's ghost, weakling DrBe


Innate Abilities, Weirdness & Mutations

You are too large for most types of armour.
You have tough skin. (AC +1)


Message History

You hit the orc.
The orc is heavily wounded.
The orc hits you.
* * * LOW HITPOINT WARNING * * *
You hit the orc.
The orc is severely wounded.
The orc closely misses you.
You barely miss the orc.
The orc is severely wounded.
The orc barely misses you. The jelly hits you but does no damage.
There is an open door here.
You hit the orc.
You kill the orc!
You hit the jelly but do no damage.
Your hands burn!
* * * LOW HITPOINT WARNING * * *
The jelly is severely wounded.
The jelly hits you.
* * * LOW HITPOINT WARNING * * *
The acid corrodes you!
You are splashed with acid!
The acid burns!
You die...

.#
#.......#.......
.#
#.......+.......
.#
.######'##......
.#
..............#
.#
..............#
.#
#.............#
.#
#.............#
#########.....#
#.....@J.....#
#......#.....#
#......#.....#
#......#.....#
##
########.....#
.# #.......# .#
## #.......# .#
..## #.......#
.##....
#.......#


You could see a jelly.

Vanquished Creatures
  A crimson imp (D:5)
  An orc priest (D:3)
  3 bullfrog skeletons
  An orc wizard (D:5)
  4 adders
  2 oozes (D:2)
  2 worms
  2 dart slugs (D:3)
  19 orcs
  2 bat zombies (D:4)
  4 giant cockroaches
  10 goblins
  4 hobgoblins
  6 jackals
  A quokka (D:3)
  2 ball pythons
  9 bats
  3 frilled lizards
  7 kobolds
  A quokka skeleton (D:4)
  7 rats
  2 rat zombies (D:4)
93 creatures vanquished.

Vanquished Creatures (others)
  A kobold (D:2)
  A rat (D:2)
2 creatures vanquished.

Grand Total: 95 creatures vanquished

Notes
Turn   | Place    | Note
-------+----------+-------------------------------------------
     0 | D:1      | Agrougrou the Ogre Monk began the quest for the Orb.
     0 | D:1      | Reached XP level 1. HP: 24/24 MP: 1/1
   171 | D:1      | Reached XP level 2. HP: 28/33 MP: 2/2
   928 | D:2      | Reached XP level 3. HP: 40/40 MP: 3/3
  1052 | D:2      | Found a radiant altar of Vehumet.
  1406 | D:2      | Reached XP level 4. HP: 49/49 MP: 4/4
  2059 | D:3      | Noticed PhyxPenguin's ghost (weakling DrBe)
  2180 | D:2      | HP: 2/49 [adder (3)]
  2490 | D:3      | Reached skill level 5 in Fighting
  2496 | D:3      | Reached XP level 5. HP: 55/57 MP: 5/5
  3012 | D:4      | Reached XP level 6. HP: 49/66 MP: 6/6
  3531 | D:4      | Found an ancient bone altar of Kikubaaqudgha.
  3635 | D:5      | Entered Level 5 of the Dungeon
  3714 | D:5      | Noticed a phantom
  3893 | D:5      | HP: 2/66 [acid (8)]
  3902 | D:5      | HP: 3/66 [orc (1)]
  3945 | D:5      | HP: 2/66 [jelly (3)]
  3945 | D:5      | Splashed by a jelly's acid

Skill      XL: |  1  2  3  4  5  6 |
---------------+-------------------+-----
Dodging        | 3 4 |  4.1
Maces & Flails | 3 4 |  4.8
Fighting       | 5 |  5.5
Stealth        | |  1.6

Action                   |  1- 3 |  4- 6 || total
-------------------------+-------+-------++-------
Melee: Mace              |   109 |   241 ||   350
Throw: Tomahawk          |       |     3 ||     3
  Use: Potion            |       |     2 ||     2
 Stab: Sleeping          |     1 |     6 ||     7
  Eat: Chunk             |     2 |     9 ||    11
Armor: Robe              |   103 |    84 ||   187
Dodge: Dodged            |   147 |   128 ||   275
